Map: Para Site LE

Players

Buckshot - Winner!

  • Race: Zerg Zerg
  • League: Platinum
  • Spawn Location: 5:00

OldGregg

  • Race: Zerg Zerg
  • League: Platinum
  • Spawn Location: 11:00

VOD

Have the link to the VOD?

Description

Time

  • Played on: Dec. 2, 2018, 3:40 p.m.
  • Length: 6:56
Show
View Real Time Build Order
Export as new Build Order

Buckshot Zerg - Winner!

Build Orders: 1 Base Baneling Bust, Pool First 

Get SALT Encoding   

  12  0:01  Drone  
  13  0:08  Drone  
  14  0:16  Overlord  
  14  0:27  Extractor  
  13  0:29  Extractor, Drone  
  13  0:30  Drone  
  13  0:35  Drone  
  15  0:51  Spawning Pool  
  15  0:53  Drone  
  15  0:57  Drone  
  16  1:06  Drone  
  17  1:16  Drone  
  18  1:27  Overlord  
  18  1:37  Queen  
  18  1:39  Zergling x2  
  21  1:48  Drone  
  22  1:55  Evolution Chamber  
  22  1:56  Evolution Chamber  
  22  1:59  Drone  
  21  2:10  Drone  
  22  2:22  Zerg Ground Armor Level 1  
  22  2:25  Zerg Melee Weapons Level 1  
  22  2:31  Metabolic Boost  
  22  2:42  Baneling Nest  
  22  2:43  Drone  
  21  2:48  Zergling x2  
  21  2:49  Zergling x2  
  23  2:52  Zergling x2  
  23  2:56  Zergling x2  
  25  3:00  Zergling x2  
  26  3:11  Zergling x2  
  27  3:19  Zergling x4  
  30  3:20  Zergling x2  
  30  3:21  Overlord  
  30  3:27  Baneling x2  
  30  3:52  Hatchery  
  29  4:00  Zergling x2  
  29  4:01  Overlord  
  27  4:18  Zergling x6  
  27  4:20  Zergling x2  
  31  4:30  Zergling x2  
  32  4:40  Zergling x2  
  33  4:47  Zergling x6  
  36  4:55  Zergling x2  
  37  5:03  Queen  
  37  5:05  Zergling x2  
  37  5:06  Zergling x2  
  38  5:41  Zergling x6  
  41  5:46  Zergling x4  
  41  5:47  Zergling x2  
  41  5:48  Zergling x4  
  41  5:49  Zergling x2  
  37  6:03  Zergling x2  
  35  6:05  Zergling x4  
  35  6:09  Zergling x2  
  38  6:13  Zergling x2  
  39  6:22  Zergling x2  
  39  6:23  Zergling x4  
  39  6:24  Zergling x2  
  43  6:26  Zergling x2  
  43  6:30  Zergling x2  
  43  6:31  Hatchery  
Show
View Real Time Build Order
Export as new Build Order

OldGregg Zerg 

Build Orders: Pool First 

Get SALT Encoding   

  12  0:01  Drone  
  13  0:14  Overlord  
  13  0:18  Drone  
  14  0:32  Drone x2  
  16  0:36  Drone  
  17  0:55  Drone  
  17  0:56  Spawning Pool  
  17  0:59  Extractor, Drone  
  17  1:13  Drone  
  17  1:14  Extractor  
  18  1:25  Drone  
  18  1:30  Drone  
  19  1:42  Hatchery  
  18  1:54  Roach Warren  
  17  2:05  Lair  
  17  2:17  Zergling x6  
  20  2:29  Overlord  
  20  2:40  Roach  
  22  2:51  Roach  
  24  2:53  Queen  
  24  2:56  Roach  
  28  3:02  Glial Reconstitution  
  28  3:04  Roach  
  30  3:09  Roach  
  32  3:16  Roach  
  34  3:23  Drone x2  
  36  3:39  Overlord  
  35  3:56  Queen  
  35  3:59  Roach x2  
  35  4:00  Roach x2  
  35  4:12  Roach  
  35  4:13  Roach  
  35  4:15  Zergling x4  
  39  4:31  Overlord x2  
  39  4:46  Evolution Chamber  
  39  4:49  Roach x3  
  44  4:53  Drone  
  44  4:54  Drone  
  46  5:05  Roach x2  
  50  5:18  Roach x2  
  30  5:42  Roach  
  30  5:43  Roach  
  23  6:07  Drone x6  
Tags
 
Add a new tag
Caveats
  • Supply blocks, unpowered buildings, or Contaminate may cause inaccurate times.
  • Supply counts are checked every 10 seconds.